Thunderbirds vs Marlies
Created - April 29, 2025 at 19:21
Goals
|
| Thunderbirds |
2 |
2 |
0 |
4 |
| Marlies |
3 |
2 |
2 |
7 |
|
Shots
|
| Thunderbirds |
12 |
7 |
9 |
28 |
| Marlies |
16 |
5 |
11 |
32 |
|
1st period
1. Marlies , Martin Necas 41 (Aleksi Saarela 47) at 10:36
2. Thunderbirds , Jeremy Lauzon 11 (Anthony Richard 36, Pierre Engvall 25) at 11:39 (PP)
3. Marlies , Kole Sherwood 12 (Joel Farabee 38) at 17:28
4. Marlies , Rasmus Dahlin 10 (Joel Farabee 39, Matthew Highmore 18) at 18:16
5. Thunderbirds , Joachim Blichfeld 56 (Jeremy Lauzon 43) at 18:58
Penalties :
Dylan Blujus (Spr) for Tripping (Minor) at 7:11, Rasmus Dahlin (Tor) for High sticking (Minor) at 10:45, Xavier Bernard (Tor) for Hooking (Minor) at 19:15
2nd period
6. Thunderbirds , Emil Bemstrom 21 (Anthony Richard 37) at 0:39 (PP)
7. Marlies , Lias Andersson 8 (Pierre-Olivier Joseph 64, Mathieu Olivier 38) at 2:13 (PP)
8. Thunderbirds , Anthony Richard 26 (Dylan Sikura 33) at 18:52 (SH)
9. Marlies , Lias Andersson 9 (Mathieu Olivier 39) at 19:24 (PP)
Penalties :
Joachim Blichfeld (Spr) for Interference (Minor) at 1:01, Trey Fix-Wolansky (Spr) for Interference (Minor) at 3:44, Rasmus Kupari (Spr) for Slashing (Minor) at 17:58
3rd period
10. Marlies , Rasmus Dahlin 11 (Aleksi Saarela 48, Martin Necas 41) at 2:42 (PP)
11. Marlies , Martin Necas 42 (Pierre-Olivier Joseph 65, Isac Lundestrom 9) at 11:38
Penalties :
Trey Fix-Wolansky (Spr) for Slashing (Double Minor) at 2:30, Martin Necas (Tor) for Delaying the game (Minor) at 9:04
Goalie Stats
Marc-André Fleury (Spr), 17 saves from 23 shots - (0.739), L, 3-5-0, 42:42 minutes
Emil Larmi (Spr), 8 saves from 9 shots - (0.889), 17:18 minutes
Maxime Lagace (Tor), 24 saves from 28 shots - (0.857), W, 16-12-4, 60:00 minutes
Players Stats for Thunderbirds
Player Name G A P +/- PIM S H SB GA TA FO MP PP MP PK MP
------------------------------------------------------------------------------------
0 0 0 0 0 0 0 0 0 0 0/0 0:00 0:00 0:00
0 0 0 0 0 0 0 0 0 0 0/0 0:00 0:00 0:00
0 0 0 0 0 0 0 0 0 0 0/0 0:00 0:00 0:00
0 0 0 0 0 0 0 0 0 0 0/0 0:00 0:00 0:00
0 0 0 0 0 0 0 0 0 0 0/0 0:00 0:00 0:00
0 0 0 0 0 0 0 0 0 0 0/0 0:00 0:00 0:00
0 0 0 0 0 0 0 0 0 0 0/0 0:00 0:00 0:00
Anthony Richard 1 2 3 0 0 5 1 1 0 0 8/15 17:39 1:29 3:04
Artturi Lehkonen 0 0 0 -1 0 0 0 0 0 1 0/0 9:54 0:01 1:08
Dylan Blujus 0 0 0 -1 2 1 2 0 1 2 0/0 18:40 0:00 2:50
Dylan Sikura 0 1 1 -1 0 2 0 3 0 0 0/1 15:53 0:01 2:08
Emil Bemstrom 1 0 1 0 0 2 2 0 1 0 0/0 9:39 1:29 0:00
Frederic Allard 0 0 0 -1 0 1 1 0 0 0 0/0 17:04 0:00 4:01
Henri Jokiharju 0 0 0 1 0 0 2 1 1 1 0/0 23:18 1:04 4:46
Jeremy Lauzon 1 1 2 1 0 1 3 4 1 1 0/0 27:42 3:13 5:35
Joachim Blichfeld 1 0 1 -1 2 5 2 1 1 0 2/2 18:50 2:47 0:00
Matt Roy 0 0 0 -2 0 0 0 1 0 0 0/0 16:34 1:04 0:22
Michael Rasmussen 0 0 0 -1 0 0 0 1 1 1 1/3 15:53 2:47 0:00
Noah Gregor 0 0 0 -1 0 0 0 1 1 0 3/12 14:23 0:01 5:36
Paul Cotter 0 0 0 0 0 0 0 0 0 0 0/0 8:57 0:00 0:00
Pierre Engvall 0 1 1 -1 0 3 0 0 1 0 1/2 23:05 1:29 5:31
Rasmus Kupari 0 0 0 0 2 1 0 0 0 0 2/4 9:03 0:00 0:04
Rourke Chartier 0 0 0 -1 0 4 3 0 0 0 9/21 18:51 2:47 0:00
Sami Niku 0 0 0 -2 0 2 1 1 0 2 0/0 16:41 3:13 0:00
Trey Fix-Wolansky 0 0 0 0 6 1 1 0 0 0 0/0 9:02 0:00 0:03
Players Stats for Marlies
Player Name G A P +/- PIM S H SB GA TA FO MP PP MP PK MP
------------------------------------------------------------------------------------
Aleksi Saarela 0 2 2 0 0 2 0 1 0 0 23/41 22:35 5:18 2:56
Alex Formenton 0 0 0 1 0 1 6 0 0 0 0/0 18:13 3:29 0:22
Arthur Kaliyev 0 0 0 0 0 0 2 0 0 0 0/0 7:39 0:00 0:00
Dennis Gilbert 0 0 0 1 0 0 0 1 0 1 0/0 19:04 3:56 1:35
Dmitri Samorukov 0 0 0 0 0 1 0 0 0 0 0/0 12:04 0:00 0:00
Hugh McGing 0 0 0 0 0 5 2 0 0 0 0/0 7:39 0:00 0:00
Isac Lundestrom 0 1 1 1 0 0 1 0 0 1 2/2 8:36 0:00 0:22
Jacob Bernard-Docker 0 0 0 0 0 0 1 2 0 0 0/0 12:23 0:00 0:19
Jakob Forsbacka-Karlsson 0 0 0 0 0 0 0 0 0 0 0/0 0:12 0:10 0:00
Jan Jenik 0 0 0 0 0 0 0 0 0 0 0/0 0:00 0:00 0:00
Joel Farabee 0 2 2 1 0 3 1 0 0 0 0/0 10:34 0:00 0:00
Jonathan Davidsson 0 0 0 0 0 0 0 0 0 0 0/0 0:00 0:00 0:00
Kole Sherwood 1 0 1 1 0 3 2 0 1 1 0/0 10:34 0:00 0:00
Lias Andersson 2 0 2 0 0 2 2 1 1 0 2/4 17:16 3:29 0:00
Lucas Carlsson 0 0 0 1 0 2 0 3 1 1 0/0 26:37 4:51 2:42
Martin Necas 2 1 3 1 2 2 2 0 0 1 1/3 20:22 5:08 0:21
Mathieu Olivier 0 2 2 0 0 4 3 2 2 0 1/1 18:16 3:29 1:00
Matthew Highmore 0 1 1 1 0 1 3 0 0 0 2/5 10:34 0:00 0:00
Otto Koivula 0 0 0 0 0 0 0 0 0 0 0/0 0:12 0:10 0:00
Pierre-Olivier Joseph 0 2 2 1 0 2 2 1 2 1 0/0 28:24 4:51 2:42
Rasmus Dahlin 2 0 2 1 2 2 1 0 1 2 0/0 18:46 3:56 1:16
Samuel Fagemo 0 0 0 0 0 0 0 0 0 0 0/0 0:38 0:00 0:38
Tyler Benson 0 0 0 0 0 2 2 0 0 0 3/4 22:22 5:08 2:55
Vasili Podkolzin 0 0 0 0 0 0 0 0 0 0 0/0 0:00 0:00 0:00
Xavier Bernard 0 0 0 0 2 0 0 0 0 0 0/0 2:40 0:00 0:00
3 Stars
1 - Martin Necas (Tor)
2 - Lias Andersson (Tor)
3 - Rasmus Dahlin (Tor)
Power Play
Thunderbirds - 2 on 3 Attempt(s) - 66.67%
Marlies - 3 on 6 Attempt(s) - 50.00%
Penalty Kill
Thunderbirds - 3 on 6 Attempt(s) - 50.00%
- Score 1 goal in Penalty Kill
Marlies - 1 on 3 Attempt(s) - 33.33%
- Score 0 goal in Penalty Kill
Team Stat
Thunderbirds - Hits : 18 - Faceoff Wins : 26 - Blocked Shots : 14 - Penalty Minutes : 12
Marlies - Hits : 30 - Faceoff Wins : 34 - Blocked Shots : 11 - Penalty Minutes : 6
Official
Referees : Ghislain Hebert and Garrett Rank
Linesman : Tyson Baker and Kyle Flemington
Game Notes
Emil Larmi enters game at 2:42 of 3rd period
Finance
Level 1 -- Attendance: 1883 (94.15%) -- Ticket Income $131,810
Level 2 -- Attendance: 975 (97.50%) -- Ticket Income $39,000
Total Attendance: 2858 (95.27%)
Total Ticket Income: $170,810
Other Income: $8,540
Total Income: $179,350
Thunderbirds
5 vs 5 Forward
Center Left Wing Right Wing Time % Phy DF OF
1 Rourke Chartier Pierre Engvall Joachim Blichfeld 40 1 2 2
2 Anthony Richard Michael Rasmussen Dylan Sikura 30 1 2 2
3 Noah Gregor Artturi Lehkonen Emil Bemstrom 20 1 2 2
4 Rasmus Kupari Paul Cotter Trey Fix-Wolansky 10 1 2 2
5 vs 5 Defense
Defense Defense Time % Phy DF OF
1 Jeremy Lauzon Henri Jokiharju 40 1 2 2
2 Dylan Blujus Matt Roy 30 1 2 2
3 Frederic Allard Sami Niku 20 1 2 2
4 Jeremy Lauzon Dylan Blujus 10 1 2 2
PowerPlay Forward
Center Left Wing Right Wing Time % Phy DF OF
1 Rourke Chartier Michael Rasmussen Joachim Blichfeld 60 1 2 2
2 Anthony Richard Pierre Engvall Emil Bemstrom 40 1 2 2
PowerPlay Defense
Defense Defense Time % Phy DF OF
1 Sami Niku Jeremy Lauzon 60 1 2 2
2 Matt Roy Henri Jokiharju 40 1 2 2
Penalty Kill 4 Players Forward
Center Wing Time % Phy DF OF
1 Noah Gregor Pierre Engvall 60 1 2 2
2 Anthony Richard Dylan Sikura 40 1 2 2
Penalty Kill 4 Players Defense
Defense Defense Time % Phy DF OF
1 Henri Jokiharju Jeremy Lauzon 60 1 2 2
2 Dylan Blujus Frederic Allard 40 1 2 2
Penalty Kill - 3 Players Forward
Forward Time % Phy DF OF
1 Noah Gregor 60 1 2 2
2 Anthony Richard 40 1 2 2
Penalty Kill - 3 Players Defense
Defense Defense Time % Phy DF OF
1 Dylan Blujus Henri Jokiharju 60 1 2 2
2 Jeremy Lauzon Frederic Allard 40 1 2 2
4 vs 4 Forward
Center Wing Time % Phy DF OF
1 Rourke Chartier Michael Rasmussen 60 1 2 2
2 Anthony Richard Pierre Engvall 40 1 2 2
4 vs 4 Defense
Defense Defense Time % Phy DF OF
1 Henri Jokiharju Dylan Blujus 60 1 2 2
2 Matt Roy Jeremy Lauzon 40 1 2 2
Last Minutes Offensive
Center Left Wing Right Wing Defense Defense
Rourke Chartier Pierre Engvall Joachim Blichfeld Jeremy Lauzon Sami Niku
Last Minutes Defensive
Center Left Wing Right Wing Defense Defense
Noah Gregor Artturi Lehkonen Pierre Engvall Henri Jokiharju Frederic Allard
Goaltenders
Starting : Marc-André Fleury
Backup : Emil Larmi
Extra Forwards
Normal : Rasmus Kupari, Dylan Sikura, Trey Fix-Wolansky - PP : Noah Gregor, Artturi Lehkonen - PK : Trey Fix-Wolansky
Extra Defensemen
Normal : Frederic Allard, Sami Niku, Jeremy Lauzon - PP : Sami Niku - PK : Frederic Allard, Dylan Blujus
Penalty Shots
Rourke Chartier, Anthony Richard, Joachim Blichfeld, Trey Fix-Wolansky, Rasmus Kupari
Custom OT Lines Forwards
Rourke Chartier, Pierre Engvall, Dylan Sikura, Joachim Blichfeld, Anthony Richard, Noah Gregor, Artturi Lehkonen, Michael Rasmussen, Emil Bemstrom, Paul Cotter
Custom OT Lines Defensemen
Jeremy Lauzon, Henri Jokiharju, Dylan Blujus, Frederic Allard, Matt Roy
Scratches
Nathan Smith (Healthy), Calen Addison (Healthy), Jared McIsaac (Healthy), Alex Vlasic (Healthy), Jakob Pelletier (Healthy)
Nicholas Robertson (Healthy), Arturs Silovs (Healthy)
Marlies
5 vs 5 Forward
Center Left Wing Right Wing Time % Phy DF OF
1 Aleksi Saarela Tyler Benson Martin Necas 40 1 2 2
2 Lias Andersson Alex Formenton Mathieu Olivier 30 1 2 2
3 Matthew Highmore Joel Farabee Kole Sherwood 20 1 2 2
4 Isac Lundestrom Hugh McGing Arthur Kaliyev 10 1 2 2
5 vs 5 Defense
Defense Defense Time % Phy DF OF
1 Pierre-Olivier Joseph Lucas Carlsson 40 1 2 2
2 Rasmus Dahlin Dennis Gilbert 30 1 2 2
3 Dmitri Samorukov Jacob Bernard-Docker 20 1 2 2
4 Xavier Bernard Pierre-Olivier Joseph 10 1 2 2
PowerPlay Forward
Center Left Wing Right Wing Time % Phy DF OF
1 Aleksi Saarela Tyler Benson Martin Necas 60 1 2 2
2 Lias Andersson Alex Formenton Mathieu Olivier 40 1 2 2
PowerPlay Defense
Defense Defense Time % Phy DF OF
1 Pierre-Olivier Joseph Lucas Carlsson 60 1 2 2
2 Rasmus Dahlin Dennis Gilbert 40 1 2 2
Penalty Kill 4 Players Forward
Center Wing Time % Phy DF OF
1 Aleksi Saarela Tyler Benson 60 1 2 2
2 Martin Necas Mathieu Olivier 40 1 2 2
Penalty Kill 4 Players Defense
Defense Defense Time % Phy DF OF
1 Pierre-Olivier Joseph Lucas Carlsson 60 1 2 2
2 Rasmus Dahlin Dennis Gilbert 40 1 2 2
Penalty Kill - 3 Players Forward
Forward Time % Phy DF OF
1 Aleksi Saarela 60 1 2 2
2 Tyler Benson 40 1 2 2
Penalty Kill - 3 Players Defense
Defense Defense Time % Phy DF OF
1 Pierre-Olivier Joseph Lucas Carlsson 60 1 2 2
2 Rasmus Dahlin Dennis Gilbert 40 1 2 2
4 vs 4 Forward
Center Wing Time % Phy DF OF
1 Aleksi Saarela Tyler Benson 60 1 2 2
2 Martin Necas Mathieu Olivier 40 1 2 2
4 vs 4 Defense
Defense Defense Time % Phy DF OF
1 Pierre-Olivier Joseph Lucas Carlsson 60 1 2 2
2 Rasmus Dahlin Dennis Gilbert 40 1 2 2
Last Minutes Offensive
Center Left Wing Right Wing Defense Defense
Aleksi Saarela Tyler Benson Martin Necas Pierre-Olivier Joseph Lucas Carlsson
Last Minutes Defensive
Center Left Wing Right Wing Defense Defense
Aleksi Saarela Tyler Benson Martin Necas Pierre-Olivier Joseph Lucas Carlsson
Goaltenders
Starting : Maxime Lagace
Backup : Logan Thompson
Extra Forwards
Normal : Otto Koivula, Jakob Forsbacka-Karlsson, Samuel Fagemo - PP : Otto Koivula, Jakob Forsbacka-Karlsson - PK : Samuel Fagemo
Extra Defensemen
Normal : Dmitri Samorukov, Jacob Bernard-Docker, Xavier Bernard - PP : Dmitri Samorukov - PK : Jacob Bernard-Docker, Xavier Bernard
Penalty Shots
Aleksi Saarela, Tyler Benson, Martin Necas, Mathieu Olivier, Alex Formenton
Custom OT Lines Forwards
Aleksi Saarela, Tyler Benson, Martin Necas, Mathieu Olivier, Alex Formenton, Joel Farabee, Kole Sherwood, Lias Andersson, Matthew Highmore, Hugh McGing
Custom OT Lines Defensemen
Pierre-Olivier Joseph, Lucas Carlsson, Rasmus Dahlin, Dennis Gilbert, Dmitri Samorukov
Scratches
Jonathan Gruden (Healthy), Keaton Thompson (Healthy), Blake Murray (Healthy), Veini Vehvilainen (Healthy), Matthew Thiessen (Healthy)
% Time on Ice - Thunderbirds
Lines # - Real PCT - Wanted PCT - Time Play
Normal Forward
1 - 36% - 40% - 16:40
2 - 28% - 30% - 13:09
3 - 17% - 20% - 8:10
4 - 19% - 10% - 8:57
Normal Defense
1 - 38% - 40% - 18:03
2 - 33% - 30% - 15:18
3 - 27% - 20% - 12:53
4 - 1% - 10% - 0:42
PP Forward
1 - 65% - 60% - 2:48
2 - 35% - 40% - 1:29
PP Defense
1 - 75% - 60% - 3:13
2 - 25% - 40% - 1:04
PK Forward
1 - 76% - 60% - 6:39
2 - 24% - 40% - 2:08
PK Defense
1 - 54% - 60% - 4:46
2 - 46% - 40% - 4:01
PK3 Forward
1 - 0% - 60%
2 - 0% - 40%
PK3 Defense
1 - 0% - 60%
2 - 0% - 40%
44 Forward
1 - 0% - 60%
2 - 0% - 40%
44 Defense
1 - 0% - 60%
2 - 0% - 40%
Last Minute Offensive - 0:00
Last Minute Defensive - 0:00
Total
Forward - 60:00
Defense - 60:00
|
% Time on Ice - Marlies
Lines # - Real PCT - Wanted PCT - Time Play
Normal Forward
1 - 32% - 40% - 14:56
2 - 29% - 30% - 13:47
3 - 23% - 20% - 10:34
4 - 16% - 10% - 7:39
Normal Defense
1 - 41% - 40% - 19:04
2 - 28% - 30% - 13:07
3 - 26% - 20% - 12:04
4 - 6% - 10% - 2:41
PP Forward
1 - 60% - 60% - 5:18
2 - 40% - 40% - 3:29
PP Defense
1 - 55% - 60% - 4:51
2 - 45% - 40% - 3:56
PK Forward
1 - 77% - 60% - 3:17
2 - 23% - 40% - 1:00
PK Defense
1 - 63% - 60% - 2:42
2 - 37% - 40% - 1:35
PK3 Forward
1 - 0% - 60%
2 - 0% - 40%
PK3 Defense
1 - 0% - 60%
2 - 0% - 40%
44 Forward
1 - 0% - 60%
2 - 0% - 40%
44 Defense
1 - 0% - 60%
2 - 0% - 40%
Last Minute Offensive - 0:00
Last Minute Defensive - 0:00
Total
Forward - 60:00
Defense - 60:00
|
Play-by-Play
1st period
0:01 of 1st period - Aleksi Saarela wins face-off versus Rourke Chartier in neutral zone.
0:12 of 1st period - Wrist shot by Martin Necas.
0:12 of 1st period - Deflect By Tyler Benson.
0:12 of 1st period - Shot Misses the Net.
0:12 of 1st period - Puck is out of play.
0:13 of 1st period - Mathieu Olivier wins face-off versus Anthony Richard in Thunderbirds zone.
0:21 of 1st period - Icing by Dylan Blujus.
0:22 of 1st period - Anthony Richard wins face-off versus Lias Andersson in Thunderbirds zone.
0:43 of 1st period - Slapshot by Mathieu Olivier.
0:43 of 1st period - Stopped by Marc-André Fleury with a rebound.
1:01 of 1st period - Snap shot by Alex Formenton.
1:01 of 1st period - Stopped by Marc-André Fleury without a rebound.
1:02 of 1st period - Matthew Highmore wins face-off versus Noah Gregor in Thunderbirds zone.
1:03 of 1st period - Snap shot by Kole Sherwood.
1:03 of 1st period - Stopped by Marc-André Fleury with a rebound.
1:11 of 1st period - Slapshot by Joel Farabee.
1:11 of 1st period - Shot Misses the Net.
2:00 of 1st period - Henri Jokiharju is hit by Hugh McGing.
2:34 of 1st period - Dmitri Samorukov is hit by Rourke Chartier.
3:00 of 1st period - Matt Roy is hit by Alex Formenton.
3:18 of 1st period - Wrist shot by Rasmus Kupari.
3:18 of 1st period - Shot Blocked by Dennis Gilbert.
4:27 of 1st period - Slapshot by Alex Formenton.
4:27 of 1st period - Shot Misses the Net.
5:34 of 1st period - Slapshot by Aleksi Saarela.
5:34 of 1st period - Shot Misses the Net.
5:46 of 1st period - Slapshot by Alex Formenton.
5:46 of 1st period - Shot Blocked by Anthony Richard.
5:58 of 1st period - Slapshot by Anthony Richard.
5:58 of 1st period - Stopped by Maxime Lagace with a rebound.
6:12 of 1st period - Snap shot by Joel Farabee.
6:12 of 1st period - Shot Misses the Net.
6:14 of 1st period - Snap shot by Pierre-Olivier Joseph.
6:14 of 1st period - Deflect By Matthew Highmore.
6:14 of 1st period - Shot Misses the Net.
6:14 of 1st period - Puck is out of play.
6:15 of 1st period - Rourke Chartier wins face-off versus Aleksi Saarela in Thunderbirds zone.
7:03 of 1st period - Dmitri Samorukov is hit by Henri Jokiharju and loses puck.
7:11 of 1st period - Minor Penalty to Dylan Blujus for Tripping.
7:12 of 1st period - Aleksi Saarela wins face-off versus Noah Gregor in Thunderbirds zone.
7:16 of 1st period - Snap shot by Aleksi Saarela.
7:16 of 1st period - Shot Misses the Net.
7:38 of 1st period - Jeremy Lauzon is hit by Mathieu Olivier.
7:42 of 1st period - Jeremy Lauzon is hit by Alex Formenton and loses puck.
8:10 of 1st period - Off-side.
8:11 of 1st period - Anthony Richard wins face-off versus Aleksi Saarela in neutral zone.
8:16 of 1st period - Snap shot by Anthony Richard.
8:16 of 1st period - Stopped by Maxime Lagace without a rebound.
8:17 of 1st period - Noah Gregor wins face-off versus Aleksi Saarela in Marlies zone.
8:18 of 1st period - Snap shot by Pierre Engvall.
8:18 of 1st period - Stopped by Maxime Lagace with a rebound.
9:11 of 1st period - Penalty to Dylan Blujus is over, Dylan Blujus is back on ice.
9:27 of 1st period - Pierre Engvall is hit by Matthew Highmore.
9:45 of 1st period - Snap shot by Hugh McGing.
9:45 of 1st period - Deflect By Noah Gregor.
9:45 of 1st period - Stopped by Marc-André Fleury with a rebound.
9:47 of 1st period - Slapshot by Pierre-Olivier Joseph.
9:47 of 1st period - Shot Blocked by Matt Roy.
9:49 of 1st period - Wrist shot by Hugh McGing.
9:49 of 1st period - Stopped by Marc-André Fleury with a rebound.
10:11 of 1st period - Lias Andersson is hit by Trey Fix-Wolansky and loses puck.
10:34 of 1st period - Snap shot by Joel Farabee.
10:34 of 1st period - Stopped by Marc-André Fleury without a rebound.
10:35 of 1st period - Aleksi Saarela wins face-off versus Rourke Chartier in Thunderbirds zone.
10:36 of 1st period - Snap shot by Martin Necas.
10:36 of 1st period - Goal by Martin Necas - Thunderbirds : 0 - Marlies : 1.
10:37 of 1st period - Rourke Chartier wins face-off versus Aleksi Saarela in neutral zone.
10:45 of 1st period - Minor Penalty to Rasmus Dahlin for High sticking.
10:46 of 1st period - Rourke Chartier wins face-off versus Tyler Benson in Marlies zone.
10:55 of 1st period - Icing by Joachim Blichfeld.
10:56 of 1st period - Rourke Chartier wins face-off versus Aleksi Saarela in Thunderbirds zone.
11:07 of 1st period - Wrist shot by Tyler Benson.
11:07 of 1st period - Stopped by Marc-André Fleury with a rebound.
11:09 of 1st period - Slapshot by Pierre-Olivier Joseph.
11:09 of 1st period - Shot Hit the Post.
11:11 of 1st period - Slapshot by Tyler Benson.
11:11 of 1st period - Stopped by Marc-André Fleury with a rebound.
11:37 of 1st period - Slapshot by Jeremy Lauzon.
11:37 of 1st period - Deflect By Anthony Richard.
11:37 of 1st period - Stopped by Maxime Lagace with a rebound.
11:39 of 1st period - Slapshot by Jeremy Lauzon.
11:39 of 1st period - Goal by Jeremy Lauzon - Thunderbirds : 1 - Marlies : 1.
11:40 of 1st period - Aleksi Saarela wins face-off versus Pierre Engvall in neutral zone.
12:05 of 1st period - Joachim Blichfeld is hit by Kole Sherwood and loses puck.
12:34 of 1st period - Wrist shot by Hugh McGing.
12:34 of 1st period - Stopped by Marc-André Fleury with a rebound.
12:50 of 1st period - Slapshot by Rourke Chartier.
12:50 of 1st period - Shot Misses the Net.
12:52 of 1st period - Snap shot by Joachim Blichfeld.
12:52 of 1st period - Shot Blocked by Jacob Bernard-Docker.
12:54 of 1st period - Wrist shot by Jeremy Lauzon.
12:54 of 1st period - Deflect By Pierre Engvall.
12:54 of 1st period - Stopped by Maxime Lagace with a rebound.
12:56 of 1st period - Slapshot by Jeremy Lauzon.
12:56 of 1st period - Shot Misses the Net.
12:58 of 1st period - Wrist shot by Joachim Blichfeld.
12:58 of 1st period - Stopped by Maxime Lagace without a rebound.
12:59 of 1st period - Michael Rasmussen wins face-off versus Martin Necas in Marlies zone.
13:24 of 1st period - Emil Bemstrom is hit by Matthew Highmore and loses puck.
15:33 of 1st period - Pierre-Olivier Joseph is hit by Jeremy Lauzon and loses puck.
17:02 of 1st period - Slapshot by Joel Farabee.
17:02 of 1st period - Shot Blocked by Joachim Blichfeld.
17:04 of 1st period - Slapshot by Dmitri Samorukov.
17:04 of 1st period - Stopped by Marc-André Fleury without a rebound.
17:05 of 1st period - Anthony Richard wins face-off versus Matthew Highmore in Thunderbirds zone.
17:28 of 1st period - Slapshot by Kole Sherwood.
17:28 of 1st period - Goal by Kole Sherwood - Thunderbirds : 1 - Marlies : 2.
17:29 of 1st period - Aleksi Saarela wins face-off versus Rourke Chartier in neutral zone.
17:58 of 1st period - Slapshot by Pierre-Olivier Joseph.
17:58 of 1st period - Shot Blocked by Dylan Sikura.
18:00 of 1st period - Snap shot by Alex Formenton.
18:00 of 1st period - Shot Blocked by Michael Rasmussen.
18:02 of 1st period - Wrist shot by Mathieu Olivier.
18:02 of 1st period - Shot Blocked by Jeremy Lauzon.
18:04 of 1st period - Snap shot by Alex Formenton.
18:04 of 1st period - Shot Blocked by Jeremy Lauzon.
18:06 of 1st period - Wrist shot by Lias Andersson.
18:06 of 1st period - Shot Misses the Net.
18:08 of 1st period - Snap shot by Lucas Carlsson.
18:08 of 1st period - Stopped by Marc-André Fleury without a rebound.
18:09 of 1st period - Pierre Engvall wins face-off versus Matthew Highmore in Thunderbirds zone.
18:12 of 1st period - Snap shot by Joel Farabee.
18:12 of 1st period - Stopped by Marc-André Fleury without a rebound.
18:13 of 1st period - Matthew Highmore wins face-off versus Rourke Chartier in Thunderbirds zone.
18:14 of 1st period - Wrist shot by Joel Farabee.
18:14 of 1st period - Stopped by Marc-André Fleury with a rebound.
18:16 of 1st period - Snap shot by Rasmus Dahlin.
18:16 of 1st period - Goal by Rasmus Dahlin - Thunderbirds : 1 - Marlies : 3.
18:17 of 1st period - Joachim Blichfeld wins face-off versus Aleksi Saarela in neutral zone.
18:50 of 1st period - Snap shot by Joel Farabee.
18:50 of 1st period - Shot Misses the Net.
18:56 of 1st period - Snap shot by Joachim Blichfeld.
18:56 of 1st period - Stopped by Maxime Lagace with a rebound.
18:58 of 1st period - Snap shot by Joachim Blichfeld.
18:58 of 1st period - Goal by Joachim Blichfeld - Thunderbirds : 2 - Marlies : 3.
18:59 of 1st period - Anthony Richard wins face-off versus Martin Necas in neutral zone.
19:02 of 1st period - Snap shot by Anthony Richard.
19:02 of 1st period - Shot Blocked by Aleksi Saarela.
19:08 of 1st period - Snap shot by Anthony Richard.
19:08 of 1st period - Shot Misses the Net.
19:15 of 1st period - Minor Penalty to Xavier Bernard for Hooking.
19:16 of 1st period - Rourke Chartier wins face-off versus Aleksi Saarela in Marlies zone.
19:20 of 1st period - Slapshot by Joachim Blichfeld.
19:20 of 1st period - Shot Misses the Net.
19:28 of 1st period - Slapshot by Rourke Chartier.
19:28 of 1st period - Stopped by Maxime Lagace with a rebound.
19:30 of 1st period - Snap shot by Michael Rasmussen.
19:30 of 1st period - Shot Blocked by Lucas Carlsson.
19:32 of 1st period - Snap shot by Joachim Blichfeld.
19:32 of 1st period - Stopped by Maxime Lagace without a rebound.
19:33 of 1st period - Aleksi Saarela wins face-off versus Michael Rasmussen in Marlies zone.
19:43 of 1st period - Off-side.
19:44 of 1st period - Rourke Chartier wins face-off versus Aleksi Saarela in neutral zone.
19:51 of 1st period - Wrist shot by Rourke Chartier.
19:51 of 1st period - Stopped by Maxime Lagace with a rebound.
19:53 of 1st period - Snap shot by Joachim Blichfeld.
19:53 of 1st period - Shot Misses the Net.
Goals for this period are 2 for Thunderbirds vs 3 for Marlies.
Shots for this period are 12 for Thunderbirds vs 16 for Marlies.
2nd period
0:01 of 2nd period - Aleksi Saarela wins face-off versus Rourke Chartier in neutral zone.
0:12 of 2nd period - Pierre-Olivier Joseph is hit by Jeremy Lauzon and loses puck.
0:39 of 2nd period - Slapshot by Emil Bemstrom.
0:39 of 2nd period - Goal by Emil Bemstrom - Thunderbirds : 3 - Marlies : 3.
0:40 of 2nd period - Rourke Chartier wins face-off versus Aleksi Saarela in neutral zone.
1:01 of 2nd period - Minor Penalty to Joachim Blichfeld for Interference.
1:02 of 2nd period - Aleksi Saarela wins face-off versus Noah Gregor in Thunderbirds zone.
1:34 of 2nd period - Off-side.
1:35 of 2nd period - Aleksi Saarela wins face-off versus Anthony Richard in neutral zone.
2:02 of 2nd period - Frederic Allard is hit by Lias Andersson and loses puck.
2:11 of 2nd period - Slapshot by Pierre-Olivier Joseph.
2:11 of 2nd period - Shot Misses the Net.
2:13 of 2nd period - Wrist shot by Lias Andersson.
2:13 of 2nd period - Goal by Lias Andersson - Thunderbirds : 3 - Marlies : 4.
2:14 of 2nd period - Tyler Benson wins face-off versus Michael Rasmussen in neutral zone.
2:19 of 2nd period - Wrist shot by Martin Necas.
2:19 of 2nd period - Shot Misses the Net.
2:39 of 2nd period - Lias Andersson is hit by Joachim Blichfeld and loses puck.
2:44 of 2nd period - Snap shot by Rourke Chartier.
2:44 of 2nd period - Deflect By Pierre Engvall.
2:44 of 2nd period - Stopped by Maxime Lagace without a rebound.
2:45 of 2nd period - Aleksi Saarela wins face-off versus Rourke Chartier in Marlies zone.
2:50 of 2nd period - Dylan Blujus is hit by Tyler Benson and loses puck.
3:12 of 2nd period - Matt Roy is hit by Alex Formenton and loses puck.
3:19 of 2nd period - Snap shot by Anthony Richard.
3:19 of 2nd period - Shot Misses the Net.
3:44 of 2nd period - Minor Penalty to Trey Fix-Wolansky for Interference.
3:45 of 2nd period - Aleksi Saarela wins face-off versus Noah Gregor in Thunderbirds zone.
3:49 of 2nd period - Snap shot by Aleksi Saarela.
3:49 of 2nd period - Shot Misses the Net.
3:51 of 2nd period - Slapshot by Tyler Benson.
3:51 of 2nd period - Deflect By Aleksi Saarela.
3:51 of 2nd period - Stopped by Marc-André Fleury with a rebound.
3:53 of 2nd period - Wrist shot by Aleksi Saarela.
3:53 of 2nd period - Shot Misses the Net.
3:55 of 2nd period - Slapshot by Lucas Carlsson.
3:55 of 2nd period - Shot Misses the Net.
3:57 of 2nd period - Slapshot by Lucas Carlsson.
3:57 of 2nd period - Shot Blocked by Noah Gregor.
5:44 of 2nd period - Penalty to Trey Fix-Wolansky is over, Trey Fix-Wolansky is back on ice.
6:39 of 2nd period - Pierre Engvall is hit by Alex Formenton and loses puck.
6:50 of 2nd period - Dennis Gilbert is hit by Dylan Blujus and loses puck.
7:23 of 2nd period - Michael Rasmussen is hit by Martin Necas and loses puck.
8:38 of 2nd period - Slapshot by Lucas Carlsson.
8:38 of 2nd period - Shot Blocked by Jeremy Lauzon.
8:58 of 2nd period - Snap shot by Rourke Chartier.
8:58 of 2nd period - Stopped by Maxime Lagace with a rebound.
9:02 of 2nd period - Wrist shot by Rourke Chartier.
9:02 of 2nd period - Stopped by Maxime Lagace with a rebound.
9:27 of 2nd period - Slapshot by Aleksi Saarela.
9:27 of 2nd period - Shot Misses the Net.
10:24 of 2nd period - Emil Bemstrom is hit by Arthur Kaliyev and loses puck.
10:49 of 2nd period - Isac Lundestrom is hit by Rourke Chartier and loses puck.
11:21 of 2nd period - Dennis Gilbert is hit by Henri Jokiharju and loses puck.
11:43 of 2nd period - Snap shot by Emil Bemstrom.
11:43 of 2nd period - Stopped by Maxime Lagace with a rebound.
12:10 of 2nd period - Matt Roy is hit by Isac Lundestrom and loses puck.
12:23 of 2nd period - Rasmus Kupari is hit by Joel Farabee and loses puck.
12:36 of 2nd period - Anthony Richard is hit by Mathieu Olivier and loses puck.
12:49 of 2nd period - Slapshot by Pierre-Olivier Joseph.
12:49 of 2nd period - Deflect By Matthew Highmore.
12:49 of 2nd period - Stopped by Marc-André Fleury with a rebound.
12:59 of 2nd period - Dylan Sikura is hit by Pierre-Olivier Joseph and loses puck.
13:16 of 2nd period - Pierre-Olivier Joseph is hit by Sami Niku and loses puck.
13:49 of 2nd period - Matt Roy is hit by Rasmus Dahlin.
13:53 of 2nd period - Dennis Gilbert is hit by Emil Bemstrom and loses puck.
14:11 of 2nd period - Paul Cotter is hit by Hugh McGing and loses puck.
14:32 of 2nd period - Wrist shot by Rourke Chartier.
14:32 of 2nd period - Shot Misses the Net.
14:58 of 2nd period - Icing by Noah Gregor.
14:59 of 2nd period - Lias Andersson wins face-off versus Noah Gregor in Thunderbirds zone.
15:22 of 2nd period - Backhand shot by Aleksi Saarela.
15:22 of 2nd period - Shot Hit the Post.
15:34 of 2nd period - Snap shot by Anthony Richard.
15:34 of 2nd period - Shot Misses the Net.
16:34 of 2nd period - Wrist shot by Lucas Carlsson.
16:34 of 2nd period - Deflect By Tyler Benson.
16:34 of 2nd period - Shot Misses the Net.
16:34 of 2nd period - Puck is out of play.
16:35 of 2nd period - Rourke Chartier wins face-off versus Aleksi Saarela in Thunderbirds zone.
16:41 of 2nd period - Snap shot by Martin Necas.
16:41 of 2nd period - Shot Misses the Net.
17:01 of 2nd period - Slapshot by Mathieu Olivier.
17:01 of 2nd period - Stopped by Marc-André Fleury with a rebound.
17:51 of 2nd period - Pierre-Olivier Joseph is hit by Dylan Blujus and loses puck.
17:58 of 2nd period - Minor Penalty to Rasmus Kupari for Slashing.
17:59 of 2nd period - Aleksi Saarela wins face-off versus Noah Gregor in Thunderbirds zone.
18:48 of 2nd period - Icing by Martin Necas.
18:49 of 2nd period - Anthony Richard wins face-off versus Aleksi Saarela in Marlies zone.
18:52 of 2nd period - Wrist shot by Anthony Richard.
18:52 of 2nd period - Goal by Anthony Richard - Thunderbirds : 4 - Marlies : 4.
18:53 of 2nd period - Noah Gregor wins face-off versus Aleksi Saarela in neutral zone.
19:20 of 2nd period - Pierre Engvall is hit by Mathieu Olivier.
19:24 of 2nd period - Snap shot by Mathieu Olivier.
19:24 of 2nd period - Deflect By Lias Andersson.
19:24 of 2nd period - Goal by Lias Andersson - Thunderbirds : 4 - Marlies : 5.
19:25 of 2nd period - Rourke Chartier wins face-off versus Aleksi Saarela in neutral zone.
19:57 of 2nd period - Wrist shot by Dylan Sikura.
19:57 of 2nd period - Stopped by Maxime Lagace with a rebound.
Goals for this period are 2 for Thunderbirds vs 2 for Marlies.
Shots for this period are 7 for Thunderbirds vs 5 for Marlies.
3rd period
0:01 of 3rd period - Aleksi Saarela wins face-off versus Rourke Chartier in neutral zone.
0:04 of 3rd period - Jeremy Lauzon is hit by Martin Necas.
0:14 of 3rd period - Snap shot by Joachim Blichfeld.
0:14 of 3rd period - Stopped by Maxime Lagace with a rebound.
0:16 of 3rd period - Wrist shot by Pierre Engvall.
0:16 of 3rd period - Shot Blocked by Lucas Carlsson.
0:26 of 3rd period - Jeremy Lauzon is hit by Alex Formenton and loses puck.
0:35 of 3rd period - Slapshot by Mathieu Olivier.
0:35 of 3rd period - Shot Misses the Net.
1:00 of 3rd period - Wrist shot by Emil Bemstrom.
1:00 of 3rd period - Shot Misses the Net.
1:20 of 3rd period - Slapshot by Rasmus Dahlin.
1:20 of 3rd period - Shot Misses the Net.
1:22 of 3rd period - Snap shot by Kole Sherwood.
1:22 of 3rd period - Stopped by Marc-André Fleury without a rebound.
1:23 of 3rd period - Aleksi Saarela wins face-off versus Rourke Chartier in Thunderbirds zone.
1:50 of 3rd period - Lias Andersson is hit by Anthony Richard and loses puck.
2:16 of 3rd period - Lucas Carlsson is hit by Frederic Allard and loses puck.
2:30 of 3rd period - Double Minor Penalty to Trey Fix-Wolansky for Slashing.
2:31 of 3rd period - Noah Gregor wins face-off versus Aleksi Saarela in Thunderbirds zone.
2:40 of 3rd period - Slapshot by Aleksi Saarela.
2:40 of 3rd period - Shot Misses the Net.
2:42 of 3rd period - Slapshot by Rasmus Dahlin.
2:42 of 3rd period - Goal by Rasmus Dahlin - Thunderbirds : 4 - Marlies : 6.
2:42 of 3rd period - Emil Larmi enters game.
2:43 of 3rd period - Aleksi Saarela wins face-off versus Noah Gregor in neutral zone.
4:15 of 3rd period - Icing by Dennis Gilbert.
4:16 of 3rd period - Aleksi Saarela wins face-off versus Anthony Richard in Marlies zone.
4:42 of 3rd period - Penalty to Trey Fix-Wolansky is over, Trey Fix-Wolansky is back on ice.
4:57 of 3rd period - Snap shot by Sami Niku.
4:57 of 3rd period - Shot Blocked by Pierre-Olivier Joseph.
4:59 of 3rd period - Slapshot by Sami Niku.
4:59 of 3rd period - Stopped by Maxime Lagace without a rebound.
5:00 of 3rd period - Anthony Richard wins face-off versus Matthew Highmore in Marlies zone.
5:22 of 3rd period - Icing by Pierre Engvall.
5:23 of 3rd period - Lias Andersson wins face-off versus Rourke Chartier in Thunderbirds zone.
5:26 of 3rd period - Wrist shot by Mathieu Olivier.
5:26 of 3rd period - Stopped by Emil Larmi with a rebound.
6:16 of 3rd period - Wrist shot by Joachim Blichfeld.
6:16 of 3rd period - Shot Blocked by Jacob Bernard-Docker.
6:49 of 3rd period - Frederic Allard is hit by Jacob Bernard-Docker and loses puck.
7:19 of 3rd period - Wrist shot by Lias Andersson.
7:19 of 3rd period - Shot Blocked by Sami Niku.
7:26 of 3rd period - Off-side.
7:27 of 3rd period - Aleksi Saarela wins face-off versus Anthony Richard in neutral zone.
7:30 of 3rd period - Slapshot by Pierre-Olivier Joseph.
7:30 of 3rd period - Shot Blocked by Dylan Sikura.
7:32 of 3rd period - Slapshot by Lucas Carlsson.
7:32 of 3rd period - Stopped by Emil Larmi without a rebound.
7:33 of 3rd period - Anthony Richard wins face-off versus Aleksi Saarela in Thunderbirds zone.
7:45 of 3rd period - Off-side.
7:46 of 3rd period - Aleksi Saarela wins face-off versus Anthony Richard in neutral zone.
7:57 of 3rd period - Slapshot by Pierre-Olivier Joseph.
7:57 of 3rd period - Shot Blocked by Dylan Sikura.
7:59 of 3rd period - Backhand shot by Martin Necas.
7:59 of 3rd period - Shot Misses the Net.
8:01 of 3rd period - Slapshot by Pierre-Olivier Joseph.
8:01 of 3rd period - Stopped by Emil Larmi without a rebound.
8:02 of 3rd period - Aleksi Saarela wins face-off versus Noah Gregor in Thunderbirds zone.
8:13 of 3rd period - Wrist shot by Aleksi Saarela.
8:13 of 3rd period - Stopped by Emil Larmi with a rebound.
8:15 of 3rd period - Wrist shot by Martin Necas.
8:15 of 3rd period - Shot Misses the Net.
8:27 of 3rd period - Slapshot by Anthony Richard.
8:27 of 3rd period - Stopped by Maxime Lagace with a rebound.
8:55 of 3rd period - Backhand shot by Hugh McGing.
8:55 of 3rd period - Stopped by Emil Larmi with a rebound.
9:04 of 3rd period - Minor Penalty to Martin Necas for Delaying the game.
9:05 of 3rd period - Aleksi Saarela wins face-off versus Rourke Chartier in Marlies zone.
9:31 of 3rd period - Aleksi Saarela is hit by Emil Bemstrom and loses puck.
10:07 of 3rd period - Tyler Benson is hit by Joachim Blichfeld and loses puck.
11:04 of 3rd period - Penalty to Martin Necas is over, Martin Necas is back on ice.
11:38 of 3rd period - Wrist shot by Martin Necas.
11:38 of 3rd period - Goal by Martin Necas - Thunderbirds : 4 - Marlies : 7.
11:39 of 3rd period - Tyler Benson wins face-off versus Rourke Chartier in neutral zone.
12:06 of 3rd period - Dylan Blujus is hit by Kole Sherwood and loses puck.
12:29 of 3rd period - Slapshot by Sami Niku.
12:29 of 3rd period - Stopped by Maxime Lagace with a rebound.
12:31 of 3rd period - Wrist shot by Trey Fix-Wolansky.
12:31 of 3rd period - Shot Misses the Net.
12:33 of 3rd period - Wrist shot by Rasmus Kupari.
12:33 of 3rd period - Stopped by Maxime Lagace with a rebound.
12:35 of 3rd period - Slapshot by Frederic Allard.
12:35 of 3rd period - Stopped by Maxime Lagace without a rebound.
12:36 of 3rd period - Aleksi Saarela wins face-off versus Rourke Chartier in Marlies zone.
13:26 of 3rd period - Off-side.
13:27 of 3rd period - Rasmus Kupari wins face-off versus Aleksi Saarela in neutral zone.
13:30 of 3rd period - Slapshot by Jeremy Lauzon.
13:30 of 3rd period - Shot Blocked by Lucas Carlsson.
13:56 of 3rd period - Dylan Blujus is hit by Pierre-Olivier Joseph and loses puck.
14:13 of 3rd period - Joachim Blichfeld is hit by Arthur Kaliyev.
14:51 of 3rd period - Slapshot by Rourke Chartier.
14:51 of 3rd period - Shot Blocked by Mathieu Olivier.
15:13 of 3rd period - Pierre Engvall is hit by Lias Andersson and loses puck.
15:52 of 3rd period - Jacob Bernard-Docker is hit by Rourke Chartier and loses puck.
16:07 of 3rd period - Wrist shot by Mathieu Olivier.
16:07 of 3rd period - Stopped by Emil Larmi without a rebound.
16:08 of 3rd period - Aleksi Saarela wins face-off versus Dylan Sikura in Thunderbirds zone.
16:09 of 3rd period - Slapshot by Pierre-Olivier Joseph.
16:09 of 3rd period - Shot Misses the Net.
16:11 of 3rd period - Slapshot by Pierre-Olivier Joseph.
16:11 of 3rd period - Shot Blocked by Henri Jokiharju.
16:13 of 3rd period - Slapshot by Pierre-Olivier Joseph.
16:13 of 3rd period - Deflect By Tyler Benson.
16:13 of 3rd period - Shot Blocked by Jeremy Lauzon.
16:13 of 3rd period - Puck is out of play.
16:14 of 3rd period - Aleksi Saarela wins face-off versus Anthony Richard in Thunderbirds zone.
16:24 of 3rd period - Off-side.
16:25 of 3rd period - Anthony Richard wins face-off versus Aleksi Saarela in neutral zone.
16:28 of 3rd period - Aleksi Saarela is hit by Jeremy Lauzon and loses puck.
16:37 of 3rd period - Dylan Sikura is hit by Tyler Benson and loses puck.
17:12 of 3rd period - Snap shot by Hugh McGing.
17:12 of 3rd period - Stopped by Emil Larmi without a rebound.
17:13 of 3rd period - Isac Lundestrom wins face-off versus Rasmus Kupari in Thunderbirds zone.
17:14 of 3rd period - Wrist shot by Pierre-Olivier Joseph.
17:14 of 3rd period - Stopped by Emil Larmi without a rebound.
17:15 of 3rd period - Martin Necas wins face-off versus Rasmus Kupari in Thunderbirds zone.
17:31 of 3rd period - Icing by Frederic Allard.
17:32 of 3rd period - Rasmus Kupari wins face-off versus Lias Andersson in Thunderbirds zone.
17:32 of 3rd period - Rasmus Kupari is hit by Alex Formenton.
17:44 of 3rd period - Snap shot by Rasmus Kupari.
17:44 of 3rd period - Shot Blocked by Lias Andersson.
17:46 of 3rd period - Wrist shot by Frederic Allard.
17:46 of 3rd period - Shot Misses the Net.
17:48 of 3rd period - Snap shot by Paul Cotter.
17:48 of 3rd period - Shot Misses the Net.
17:58 of 3rd period - Snap shot by Trey Fix-Wolansky.
17:58 of 3rd period - Shot Blocked by Mathieu Olivier.
18:08 of 3rd period - Snap shot by Trey Fix-Wolansky.
18:08 of 3rd period - Shot Misses the Net.
18:10 of 3rd period - Backhand shot by Trey Fix-Wolansky.
18:10 of 3rd period - Stopped by Maxime Lagace without a rebound.
18:11 of 3rd period - Joachim Blichfeld wins face-off versus Aleksi Saarela in Marlies zone.
18:37 of 3rd period - Henri Jokiharju is hit by Matthew Highmore and loses puck.
18:58 of 3rd period - Snap shot by Dylan Blujus.
18:58 of 3rd period - Stopped by Maxime Lagace without a rebound.
18:59 of 3rd period - Isac Lundestrom wins face-off versus Noah Gregor in Marlies zone.
19:30 of 3rd period - Slapshot by Dylan Sikura.
19:30 of 3rd period - Stopped by Maxime Lagace without a rebound.
19:31 of 3rd period - Tyler Benson wins face-off versus Anthony Richard in Marlies zone.
Goals for this period are 0 for Thunderbirds vs 2 for Marlies.
Shots for this period are 9 for Thunderbirds vs 11 for Marlies.